 Dungeon Crawl Stone Soup version 0.22-a0-160-gcc81d7a (webtiles) character file.

161 Borgoz the Skirmisher (level 5, -4/47 HPs)
             Began as a Hill Orc Abyssal Knight on Feb 10, 2018.
             Was a Believer of Lugonu.
             Slain by an orc
             ... wielding a +0 mace of draining
              (5 damage)
             ... on level 3 of the Dungeon.
             The game lasted 00:03:41 (3381 turns).

Borgoz the Skirmisher (Hill Orc Abyssal Knight)     Turns: 3381, Time: 00:03:42

Health: -4/47      AC:  3    Str: 16    XL:     5   Next: 42%
Magic:  7/7        EV: 11    Int: 15    God:    Lugonu [**....]
Gold:   99         SH:  0    Dex: 10    Spells: 4/4 levels left

rFire    . . .     SeeInvis .   a - +1 hand axe
rCold    . . .     Gourm    .   (no shield)
rNeg     . . .     Faith    .   b - +0 leather armour
rPois    .         Spirit   .   (no helmet)
rElec    .         Reflect  .   (no cloak)
rCorr    .         Harm     .   (no gloves)
MR       .....                  (no boots)
Stlth    +.........             (no amulet)
HPRegen  0.15/turn              h - +3 ring of intelligence
MPRegen  0.10/turn              (no ring)

@: slowed, drained, very slow
A: no striking features
a: Depart the Abyss, Bend Space, Renounce Religion


You were on level 3 of the Dungeon.
You worshipped Lugonu.
Lugonu was pleased with you.
You were hungry.

You visited 1 branch of the dungeon, and saw 3 of its levels.
You visited the Abyss 1 time.

You collected 99 gold pieces.

Inventory:

Hand Weapons
 a - a +1 hand axe (weapon)
Armour
 b - a +0 leather armour (worn)
Jewellery
 h - a +3 ring of intelligence (left hand)
Scrolls
 d - a scroll of identify
 f - 2 scrolls of immolation
 j - a scroll of remove curse
 l - a scroll of fear {unknown}
 m - a scroll of blinking {unknown}
 n - a scroll of teleportation {unknown}
Potions
 e - 2 potions of haste
 g - 3 potions of curing
 i - 2 potions of agility
 k - 2 potions of brilliance
 o - a potion of invisibility
 p - a potion of might {unknown}
Comestibles
 c - 5 rations


   Skills:
 + Level 4.5(3.7) Fighting
 + Level 3.9(3.1) Axes
 + Level 3.2(2.5) Armour
 + Level 1.9(1.2) Dodging
 + Level 3.8(3.0) Invocations


You had 4 spell levels left.
You didn't know any spells.

Dungeon Overview and Level Annotations

Branches:
Dungeon (3/15)

Altars:

Annotations:
D:3 Grinder


Message History

The magic dart hits you!
* * * LOW HITPOINT WARNING * * *
You hit the orc wizard.
You kill the orc wizard!
Lugonu accepts your kill.
The orc hits you with a mace of draining.
* * * LOW HITPOINT WARNING * * *
You feel drained.
* * * LOW HITPOINT WARNING * * *
You hit the orc.
The orc is lightly wounded.
The orc hits you but does no damage.
You feel drained.
You closely miss the orc.
The orc is lightly wounded.
The orc hits you with a mace of draining.
* * * LOW HITPOINT WARNING * * *
You feel drained.
* * * LOW HITPOINT WARNING * * *
The orc hits you with a mace of draining.
You die...

.##.#.# #######
######### ....#.#
#.....# #..(....#
......# #.....###
#.#####.### .######
#.......# #.#####...# .#
#.....#.###.##....#.####
.##
#.....#........##...#...
..#
###.#######........##.#.
..#
#.##############....#.
†.# #....@o..####
#..#### ..#####
#..####.....# ##...#.
......######...........#
###.#.
...........##.##.......#
#...
......####......)#.....#
#####.# ..#####
#.....))).....# #.....#
..# ##<#.#####.####
#.##### ..# #.#..> # #.#
..# #.##### #.#


You could see an orc.

Vanquished Creatures
  3 orc wizards (D:3)
  An adder (D:2)
  2 dart slugs (D:1)
  4 leopard geckos
  4 orcs (D:3)
  4 bats
  3 giant cockroaches
  6 goblins
  8 hobgoblins
  2 quokkas (D:2)
  A ball python (D:3)
  3 frilled lizards
  10 kobolds
  9 rats
60 creatures vanquished.

Notes
Turn   | Place    | Note
-------+----------+-------------------------------------------
     0 | Abyss:1  | Borgoz the Hill Orc Abyssal Knight began the quest for the Orb.
     0 | Abyss:1  | Reached XP level 1. HP: 19/19 MP: 2/2
     1 | Abyss:1  | Found a corrupted altar of Lugonu.
    73 | Abyss:1  | Noticed a neqoxec
    74 | D:1      | Escaped the Abyss
   278 | D:1      | Reached * piety under Lugonu
   278 | D:1      | Reached skill level 1 in Dodging
   278 | D:1      | Reached XP level 2. HP: 12/27 MP: 3/3
  1083 | D:1      | Reached XP level 3. HP: 31/33 MP: 5/5
  1319 | D:1      | Reached skill level 4 in Fighting
  1874 | D:2      | Reached XP level 4. HP: 32/40 MP: 6/6
  2606 | D:3      | Noticed Grinder
  2761 | D:3      | Reached ** piety under Lugonu
  2957 | D:3      | Reached XP level 5. HP: 11/47 MP: 7/7
  3381 | D:3      | HP: 2/47 [orc/mace of draining (6)]
  3381 | D:3      | Slain by an orc

Vault maps used:
D:1:      matt_arrival_grand_opening, hangedman_decor_diamond_cutter
D:2:      corexii_corridor_pit, serial_bayou_pond_e
D:3:      st_stairs_11, uniq_grinder

Skill      XL: |  1  2  3  4 |
---------------+-------------+-----
Dodging        | 1 |  1.9
Axes           | 3 |  3.9
Invocations    | 3 |  3.8
Fighting       | 4 |  4.5
Armour         | 3 |  3.2

Action                   |  1- 3 |  4- 6 || total
-------------------------+-------+-------++-------
Melee: Hand axe          |   107 |    86 ||   193
Invok: Depart the Abyss  |     1 |       ||     1
  Use: Scroll            |       |     5 ||     5
  Eat: Chunk             |     3 |     4 ||     7
Armor: Leather armour    |    19 |    28 ||    47
Dodge: Dodged            |    61 |    59 ||   120

Table legend:
 A = Spawn XP
 B = Non-spawn XP
 C = Spawn XP percentage of total XP
 D = Spawn monster count
 E = Non-spawn monster count
 F = Spawn count percentage of total count
 G = Total turns spent on level
                    A         B        C        D         E        F      G
               +---------+---------+-------+---------+---------+-------+---------
         Total |       0 |     231 |   0.0 |       0 |      60 |   0.0 |  3381
               +---------+---------+-------+---------+---------+-------+---------
           D:1 |       0 |      46 |   0.0 |       0 |      22 |   0.0 |  1329
           D:2 |       0 |      45 |   0.0 |       0 |      20 |   0.0 |  1580
           D:3 |       0 |     140 |   0.0 |       0 |      18 |   0.0 |   398
               +---------+---------+-------+---------+---------+-------+---------
